AoeStats
← Tomato

Oasis

507134531Analyzed
4v4 RM · 16d ago on Sep 16, 2026· 21m 38s· 8 players
Game mode
Random Map
Map size
Large (8 player)
Population
200
Speed
Normal
Resources
Standard
Victory
Conquest
Starting age
Dark Age
Ending age
Imperial Age
RankedLock teamsTeams togetherTeam positionsShared explorationLock speedFull tech treeHidden civsTurbo modeCheats
Victory
Defeat
🇩🇪 Maya · Germany
1546
+9
🇩🇪 Khitans · Germany
1466
+12
🇩🇪 Saracens · Germany
1442
+13
🇬🇧 Lithuanians · United Kingdom
1305
+19
🇪🇸 Teutons · Spain
1429
-15
🇬🇷 Magyars · Greece
1387
-14
🇳🇱 Italians · Netherlands
1364
-13
🇨🇴 Malians · Colombia
1330
-11
Bydonn1256
8:02 Loom
10:08 Feudal Age
15:55 Horse Collar
16:03 Double-Bit Axe
Tomato
8:00 Loom
9:56 Feudal Age
11:56 Double-Bit Axe
11:52 Horse Collar
12:06 Gold Mining
16:54 Castle Age
15:17 Fletching
16:23 Padded Archer Armor
17:42 Wheelbarrow
17:04 Crossbowman
20:13 Bow Saw
21:17 Bodkin Arrow
Zzulu
7:36 Loom
11:22 Feudal Age
15:39 Castle Age
13:32 Double-Bit Axe
15:50 Scale Barding Armor
SATOLEP
8:52 Feudal Age
11:15 Loom
13:49 Horse Collar
16:54 Padded Archer Armor
boluwatifeajibade
5:47 Loom
8:24 Feudal Age
10:05 Double-Bit Axe
10:02 Horse Collar
19:50 Castle Age
18:38 Bloodlines
18:50 Scale Barding Armor
19:45 Forging
22:04 Wheelbarrow
7Marill
6:40 Loom
9:17 Feudal Age
11:26 Double-Bit Axe
14:07 Fletching
24:09 Castle Age
FCSiewillja
0:25 Loom
9:43 Feudal Age
11:54 Double-Bit Axe
13:08 Wheelbarrow
14:09 Fletching
15:02 Gold Mining
14:56 Horse Collar
17:25 Town Watch
22:10 Castle Age
20:41 Gold Mining
siQ AoE
6:18 Loom
6:27 Loom
9:11 Feudal Age
10:00 Double-Bit Axe
11:58 Domestication
16:48 Scale Barding Armor
18:24 Forging
23:18 Castle Age
Connection lost

Rejoining the realm…

Still unreachable

The connection could not be restored.

Session expired

The server has moved on; the page needs a fresh start.